 Dungeon Crawl Stone Soup version 0.30-a0-1163-gf69bf04e7a (webtiles) character file.

Game seed: 9343581932870945404

248 sircluck the Chopper (level 5, -6/43 (47) HPs)
             Began as a Minotaur Fighter on Apr 28, 2023.
             Mangled by Crazy Yiuf
             ... wielding a +3 quarterstaff of chaos
              (14 damage)
             ... on level 2 of the Dungeon.
             The game lasted 00:02:14 (1766 turns).

sircluck the Chopper (Minotaur Fighter)             Turns: 1766, Time: 00:02:15

HP:   -6/43 (47)    AC:  7    Str: 23    XL:     5   Next: 86%
MP:   4/4           EV: 15    Int:  5    God:
Gold: 120           SH:  4    Dex:  9    Spells: 4/4 levels left

rFire   + . .        a - +0 war axe
rCold   . . .        c - +0 buckler
rNeg    . . .        b - +0 scale mail
rPois   .            (helmet restricted)
rElec   .            (no cloak)
rCorr   .            (no gloves)
SInv    .            (no boots)
Will    .....        (no amulet) Stlth
                     j - ring of protection from fire
HPRegen 0.27/turn    n - +5 ring of evasion
MPRegen 0.09/turn

%: no passive effects
@: drained
A: horns 2, retaliatory headbutt
a: no special abilities


You were on level 2 of the Dungeon.
You visited 1 branch of the dungeon, and saw 2 of its levels.

You collected 120 gold pieces.

Inventory:

Hand Weapons
 a - a +0 war axe (weapon)
Missiles
 m - 19 stones (quivered)
Armour
 b - a +0 scale mail (worn)
 c - a +0 buckler (worn)
Jewellery
 j - a ring of protection from fire (left hand)
 n - a +5 ring of evasion (right hand)
Scrolls
 d - a scroll of fog {unknown}
 e - a scroll of identify {unknown}
 g - a scroll of fear {unknown}
 h - a scroll of brand weapon {unknown}
 k - a scroll of blinking {unknown}
 l - a scroll of enchant armour {unknown}
Potions
 f - a potion of curing {unknown}
 i - a potion of magic {unknown}


   Skills:
 + Level 4.5 Fighting
 + Level 5.2 Axes
 + Level 4.9 Armour
 + Level 1.1 Dodging
 + Level 4.4 Shields


You had 4 spell levels left.
You didn't know any spells.
Your spell library was empty.

Dungeon Overview and Level Annotations

Branches:
Dungeon (2/15)

Altars:

Annotations:
D:2 Crazy Yiuf


Innate Abilities, Weirdness & Mutations

You have a pair of horns on your head.
You reflexively headbutt those who attack you in melee.


Message History

Found a hammer.
Found a runed translucent door.
Crazy Yiuf shouts!
Crazy Yiuf cries, "Tonal pontify snail!"
Crazy Yiuf screams, "Tonal snail sallow!"
m - 19 stones (gained 2)
You see here a +0 club.
As you open the door, it creaks loudly!
There is an open door here.
You open the door.
There is an open door here.
You see here a +0 whip.
There is an open door here.
There is an open door here.
You see here a +0 whip.
j - a ring of protection from fire (left hand)
n - a +5 ring of evasion (right hand)
You open the door.
Crazy Yiuf cries, "You leg down broken song, no?"
You hit Crazy Yiuf but do no damage. You headbutt Crazy Yiuf.
Crazy Yiuf is lightly wounded.
Crazy Yiuf hits you with a +3 quarterstaff of chaos!
Crazy Yiuf burns you.
You closely miss Crazy Yiuf. You headbutt Crazy Yiuf!
Crazy Yiuf is heavily wounded.
Crazy Yiuf hits you with a +3 quarterstaff of chaos!
You feel drained.
You closely miss Crazy Yiuf.
Crazy Yiuf is heavily wounded.
Crazy Yiuf hits you with a +3 quarterstaff of chaos! x2
* * * LOW HITPOINT WARNING * * *
You feel drained.
You hit Crazy Yiuf but do no damage.
Crazy Yiuf is heavily wounded.
Crazy Yiuf closely misses you. You furiously retaliate!
You headbutt Crazy Yiuf. You barely miss Crazy Yiuf.
Your headbutt misses Crazy Yiuf.
Crazy Yiuf is severely wounded.
Crazy Yiuf yells, "Powder bush spinner!"
Crazy Yiuf hits you with a +3 quarterstaff of chaos!
You die...

#....#
#.##.......
#....#
#.#####.###
#..P.#
#.......# #
#.P.##
#######.# #
##.##
#####.###
#.##
#.......#
##.#
#.###.#.#
#.##
####.###.#..
##@#
#......#.#.#
#g#
####.......#
...
##......#
#...#
#.......
#..)#
#....#.#
#####
####.#.#
#.#.# ###
##'#.. #.#
##...##


You could see Crazy Yiuf.

Vanquished Creatures
  Sigmund (D:2)
  An adder (D:2)
  3 gnolls (D:2)
  4 ball pythons (D:2)
  9 endoplasms
  A goblin (D:1)
  3 hobgoblins (D:1)
  6 jackals (D:1)
  5 kobolds
  5 quokkas
  2 bats
  3 frilled lizards
  2 rats (D:1)
45 creatures vanquished.

Notes
Turn   | Place    | Note
-------+----------+-------------------------------------------
     0 | D:1      | sircluck the Minotaur Fighter began the quest for the Orb.
     0 | D:1      | Reached XP level 1. HP: 19/19 MP: 0/0
    79 | D:1      | Reached XP level 2. HP: 8/27 MP: 1/1
   236 | D:1      | Reached skill level 3 in Axes
   488 | D:1      | Reached XP level 3. HP: 31/33 MP: 2/2
   882 | D:2      | Noticed Sigmund
   892 | D:2      | Killed Sigmund
   893 | D:2      | Reached skill level 4 in Axes
   893 | D:2      | Reached skill level 1 in Dodging
   893 | D:2      | Reached XP level 4. HP: 41/41 MP: 3/3
   893 | D:2      | Reached XP level 5. HP: 47/47 MP: 4/4
  1082 | D:2      | Reached skill level 5 in Axes
  1517 | D:2      | Found a runed translucent door.
  1518 | D:2      | Noticed Crazy Yiuf
  1766 | D:2      | Mangled by Crazy Yiuf

Illustrated notes

Levels and vault maps discovered:
D:1:      ebering_hopf_link, layout_basic
D:2:      layout_loops_corners, minivault_14, uniq_sigmund,
          uniq_crazy_yiuf_cottage

Skill      XL: |  1  2  3  4  5 |
---------------+----------------+-----
Fighting       | 4 |  4.5
Axes           | 3 4 5 |  5.2
Shields        | 4 |  4.4
Armour         | 4 |  4.9
Dodging        | 1 |  1.1

Action                     |  1- 3 |  4- 6 || total
---------------------------+-------+-------++-------
  Melee: War axe           |    70 |    22 ||    92
         Headbutt          |     7 |     2 ||     9
    Use: Potion            |       |     1 ||     1
 Armour: Scale mail        |    35 |     4 ||    39
  Dodge: Dodged            |    51 |    19 ||    70
  Block: Buckler           |    27 |     2 ||    29

Table legend: (Time is in decaauts)
 A = Elapsed time spent in this place.
 B = Non-inter-level travel time spent in this place.
 C = Inter-level travel time spent in this place.
 D = Time resting spent in this place.
 E = Time spent auto-exploring this place.
 F = Levels seen in this place.
 G = Mean time per level.
                   A        B        C        D        E       F      G
               +--------+--------+--------+--------+--------+-----+--------+
         Total |   1799 |   1715 |     84 |    244 |   1199 |   2 |  899.5 |
       Dungeon |   1799 |   1715 |     84 |    244 |   1199 |   2 |  899.5 |
               +--------+--------+--------+--------+--------+-----+--------+

Top non-repeatable levels by time:
     D:2: 1120 daAuts
     D:1: 679 daAuts
